 Dungeon Crawl Stone Soup version 0.20.1-1-g8b1a95d (webtiles) character file.

72 Ijustatesigmund the Skirmisher (level 4, -6/33 HPs)
             Began as an Octopode Fighter on Sept 25, 2017.
             Mangled by a gnoll
             ... wielding a +0 club
              (10 damage)
             ... on level 3 of the Dungeon.
             The game lasted 00:02:54 (1878 turns).

Ijustatesigmund the Skirmisher (Octopode Fighter)   Turns: 1878, Time: 00:02:56

Health: -6/33      AC:  1    Str: 24    XL:     4   Next: 25%
Magic:  4/4        EV: 11    Int: 12    God:
Gold:   52         SH:  9    Dex: 12    Spells: 3/3 levels left

rFire    . . .     SeeInvis .   a - +0 flail
rCold    . . .     Gourm    .   b - +0 shield
rNeg     . . .     Faith    .   (helmet restricted)
rPois    .         Spirit   .   (no amulet)
rElec    .         Reflect  .   l - +2 ring of intelligence
rCorr    .         Harm     .   h - +4 ring of strength
MR       .....                  (no ring)
Stlth    ++........             (no ring)
Regen    0.2/turn               (no ring)
MPRegen  0.1/turn               (no ring)
                                (no ring)
                                (no ring)

@: mighty
A: almost no armour, stealthy swim, amphibious, 8 rings, constrict 8, camouflage
1, gelatinous body 1
a: no special abilities


You were on level 3 of the Dungeon.
You were not hungry.

You visited 1 branch of the dungeon, and saw 3 of its levels.

You collected 52 gold pieces.

Inventory:

Hand Weapons
 a - a +0 flail (weapon)
Missiles
 k - 5 javelins (quivered)
Armour
 b - a +0 shield (worn)
Jewellery
 h - a +4 ring of strength (right tentacle)
 l - a +2 ring of intelligence (left tentacle)
Scrolls
 g - a scroll of magic mapping {unknown}
Potions
 e - 4 potions of heal wounds {unknown}
 f - a potion of degeneration {unknown}
 j - 3 potions of curing
 m - a potion of resistance
 p - a potion of flight {unknown}
Comestibles
 d - 2 bread rations
 n - a meat ration


   Skills:
 + Level 4.2 Fighting
 + Level 3.1 Maces & Flails
 - Level 3.0 Dodging
 - Level 3.0 Shields


You had 3 spell levels left.
You didn't know any spells.

Dungeon Overview and Level Annotations

Branches:
Dungeon (3/15)

Altars:
Dithmenos

Annotations:
D:2 Robin


Innate Abilities, Weirdness & Mutations

You cannot wear most types of armour.
You are very stealthy in the water. (Stealth+)
You are amphibious.
You can wear up to eight rings at the same time.
You can use your tentacles to constrict eight enemies at once.
Your skin changes colour to match your surroundings (Stealth+).
Your rubbery body absorbs attacks. (AC +1, EV +1)


Message History

The gnoll is heavily wounded.
The gnoll hits you with a club.
The gnoll hits you from afar with a spear!
* * * LOW HITPOINT WARNING * * *
The gnoll closely misses you.
You are too injured to fight recklessly!
You are too injured to fight recklessly!
You are too injured to fight recklessly!
You are too injured to fight recklessly!
You are too injured to fight recklessly!
You are too injured to fight recklessly!
You are too injured to fight recklessly!
You are too injured to fight recklessly!
You are too injured to fight recklessly!
You are too injured to fight recklessly!
You sock the gnoll!
You kill the gnoll!
The gnoll barely misses you. The gnoll closely misses you.
You block the gnoll's attack. The gnoll hits you with a club!
You die...

.. ##.######
........####
.#.#..)@...#
.....##g##.#
.......go.(....
.######.##g###.
#.# # #.# #.#
#.# #..


You could see 2 gnolls and an orc.

Vanquished Creatures
  2 gnolls
  An adder (D:2)
  A dart slug (D:1)
  A leopard gecko (D:1)
  A ball python (D:1)
  A giant cockroach (D:1)
  7 goblins
  3 hobgoblins
  5 jackals (D:1)
  3 kobolds (D:1)
  4 bats
  2 frilled lizards (D:2)
  6 rats
37 creatures vanquished.

Notes
Turn   | Place    | Note
-------+----------+-------------------------------------------
     0 | D:1      | Ijustatesigmund the Octopode Fighter began the quest for the Orb.
     0 | D:1      | Reached XP level 1. HP: 16/16 MP: 1/1
    96 | D:1      | Reached XP level 2. HP: 21/21 MP: 2/2
   624 | D:1      | Reached XP level 3. HP: 25/26 MP: 3/3
   760 | D:2      | Found a shadowy altar of Dithmenos.
  1112 | D:2      | Noticed Robin
  1115 | D:2      | Reached skill level 4 in Fighting
  1667 | D:2      | Reached XP level 4. HP: 22/33 MP: 4/4
  1878 | D:3      | Mangled by a gnoll

Skill      XL: |  1  2  3 |
---------------+----------+-----
Fighting       | 4 |  4.2
Maces & Flails | 3 |  3.1
Dodging        | |  3.0
Shields        | |  3.0

Action                   |  1- 3 |  4- 6 || total
-------------------------+-------+-------++-------
Melee: Flail             |    62 |     5 ||    67
       Constrict         |    21 |       ||    21
       Tentacles         |    10 |       ||    10
Throw: Javelin           |     1 |       ||     1
  Use: Scroll            |     9 |       ||     9
       Potion            |       |     1 ||     1
 Stab: Sleeping          |     8 |       ||     8
  Eat: Chunk             |     2 |     1 ||     3
Armor: Skin              |     7 |       ||     7
Dodge: Dodged            |    23 |     9 ||    32
Block: Shield            |    32 |     6 ||    38
